 Dungeon Sprint DCSS version 0.30-a0-799-g109b55a442 (webtiles) character file.

Game seed: 5134149069505709297

1813 rocky1 the Zephyrmancer (level 8, -5/78 HPs)
             Began as a Pale Draconian Air Elementalist on Feb 21, 2023.
             Was an Initiate of Gozag.
             Killed by divine providence
             ... invoked by a smoke demon
             ... summoned by a kobold demonologist
              (12 damage)
             ... in the Dungeon (Sprint IX: "|||||||||||||||||||||||||||||").
             The game lasted 00:03:22 (460 turns).

rocky1 the Zephyrmancer (DrAE)                       Turns: 460, Time: 00:03:23

Health: -5/78      AC:  6    Str: 13    XL:     8   Next: 84%
Magic:  19/20      EV: 15    Int: 20    God:    Gozag
Gold:   477        SH:  0    Dex: 13    Spells: 13/23 levels left

rFire   + . .      SeeInvis .    i - +2 halberd "Kuas" {freeze, rPois rF+ rN+}
rCold   . . .      Faith    .    (shield currently unavailable)
rNeg    + . .      Spirit   .    (body armour unavailable)
rPois   +          Reflect  .    (helmet restricted)
rElec   .          Harm     .    (no cloak)
rCorr   .          Rampage  .    (no gloves)
Will    .....      NoTele   +    (no boots)
Stlth   ++                       (no amulet)
HPRegen 0.33/turn                l - +3 ring of strength
MPRegen 0.17/turn                k - +3 ring of intelligence

@: gold aura, invisible
A: breathe steam, AC +6, unfitting armour, cold-blooded, steam resistance
a: Breathe Steam, Renounce Religion, Potion Petition, Call Merchant, Bribe
Branch


You were in the Dungeon.
You worshipped Gozag.
Gozag was aware of your devotion.
You visited 1 branch You collected 477 gold pieces.

Inventory:

Hand Weapons
 i - the +2 halberd "Kuas" (weapon) {freeze, rPois rF+ rN+}
   (You found it in the Dungeon)

   rF:        It protects you from fire.
   rPois:     It protects you from poison.
   rN:        It protects you from negative energy.
 j - a +2 scimitar of holy wrath
Jewellery
 k - a +3 ring of intelligence (right hand)
 l - a +3 ring of strength (left hand)
Wands
 h - a wand of light (4)
Scrolls
 f - a scroll of blinking
 g - 2 scrolls of amnesia
Potions
 a - 2 potions of magic
 b - a potion of curing
 d - a potion of haste


   Skills:
 + Level 9.3 Fighting
 + Level 6.5 Polearms
 + Level 8.0 Dodging
 - Level 1.7 Stealth
 + Level 8.1 Spellcasting
 + Level 8.4 Conjurations
 + Level 9.9 Air Magic


You had 13 spell levels left.
You knew the following spells:

 Your Spells              Type           Power      Damage    Failure   Level
a - Shock                 Conj/Air       100%       1d9       1%          1
b - Static Discharge      Conj/Air       88%        2-6/arc   1%          2
c - Swiftness             Air            47%        N/A       1%          3
d - Airstrike             Air            23%        2d(4-20)  1%          4

Your spell library contained the following spells:

 Spells                   Type           Power      Damage    Failure   Level


Dungeon Overview and Level Annotations

Branches:
Dungeon (1/1)

Altars:
Cheibriados
Dithmenos
Elyvilon
Fedhas
Gozag
Hepliaklqana
Kikubaaqudgha
Makhleb
Nemelex Xobeh
Okawaru
Qazlal
Ru
Sif Muna
Trog
Uskayaw
Vehumet
Wu Jian
Xom
Yredelemnul
Zin
The Shining One
Jiyva
Lugonu


Innate Abilities, Weirdness & Mutations

You can breathe blasts of scalding, opaque steam.
Your pale cyan-grey scales are hard. (AC +6)
You cannot fit into any form of body armour.
You are cold-blooded and may be slowed by cold attacks.
You are immune to the effects of steam.


Message History

The bolt of light hits the manticore!
The manticore is severely wounded.
The bolt of light hits the hellwing.
The hellwing is heavily wounded.
The bolt of light hits the deep elf pyromancer!
The deep elf pyromancer is moderately wounded.
The deep elf pyromancer is blinded.
Your Fighting skill increases to level 9!
Your Polearms skill increases to level 6!
Your Dodging skill increases to level 8!
Your Spellcasting skill increases to level 8!
Your Conjurations skill increases to level 8!
Unknown command.
Aiming: Bolt of Light
Press: ? - help, Shift-Dir - straight line, f - kobold demonologist
Aim: a kobold demonologist, wielding a +0 dagger and wearing a +0 robe (almost dead, wandering, blind, hasn't noticed you, 60% to hit)
The bolt of light misses the kobold demonologist.
The bolt of light hits the manticore!
The manticore is almost dead.
The bolt of light hits the hellwing but does no damage.
The hellwing is heavily wounded.
The bolt of light hits the deep elf pyromancer!
The deep elf pyromancer is severely wounded.
The deep elf pyromancer mumbles some strange words.
The kobold demonologist mumbles some strange words.
Aiming: Bolt of Light
Press: ? - help, Shift-Dir - straight line, f/p - kobold demonologist
Aim: a kobold demonologist, wielding a +0 dagger and wearing a +0 robe (almost dead, blind, 60% to hit)
The bolt of light misses the kobold demonologist.
The bolt of light hits the manticore!
You kill the manticore!
The bolt of light hits the hellwing but does no damage.
The hellwing is heavily wounded.
The bolt of light hits the deep elf pyromancer!
You kill the deep elf pyromancer!
The fire elemental disappears in a puff of smoke! x2
The smoke demon gestures at you. Something smites you!
You die...
Your body crumbles into a pile of gold. ▓▓▓▓▓▓▓▓▓▓▓▓▓▓▓▓▓▓▓▓▓▓▓▓▓▓▓▓▓ _____'..).[[[..3@K$.4$☼§.KHe. ▓▓▓▓▓▓▓▓▓▓▓▓▓▓▓▓▓▓▓▓▓▓▓▓▓▓▓▓▓ $ $ $$$$ $$$$$ $ $ $ $$$$$

You could see a hellwing (summoned, blind), a kobold demonologist (blind) and a smoke demon (summoned, unable to see you).

Vanquished Creatures
  A centaur warrior (D)
  A deep elf pyromancer (D)
  A manticore (D)
  A wraith (D)
  A shadow (D)
  2 yaks (D)
  A wyvern (D)
  A water moccasin (D)
  An orc warrior (D)
  A phantom (D)
  An iguana (D)
  2 worms (D)
  A ball python (D)
  A goblin (D)
  A bat (D)
  2 rats (D)
19 creatures vanquished.

Vanquished Creatures (others)
  A deep elf pyromancer (D)
  A gargoyle (D)
2 creatures vanquished.

Grand Total: 21 creatures vanquished

Notes
Turn   | Place    | Note
-------+----------+-------------------------------------------
     0 | D        | rocky1 the Draconian Air Elementalist began the quest for
                  | the Orb.
     0 | D        | Reached XP level 1. HP: 14/14 MP: 3/3
    10 | D        | Reached skill level 1 in Fighting
    47 | D        | Noticed a phantom
    47 | D        | Noticed a water moccasin
    47 | D        | Noticed an iguana
    56 | D        | Reached XP level 2. HP: 23/23 MP: 0/5
    60 | D        | Killed a phantom
    61 | D        | Reached XP level 3. HP: 33/33 MP: 0/8
    61 | D        | Reached XP level 4. HP: 40/40 MP: 0/9
    64 | D        | Killed a water moccasin
    65 | D        | Reached skill level 5 in Fighting
    65 | D        | Reached skill level 5 in Air Magic
    65 | D        | Reached XP level 5. HP: 48/48 MP: 1/12
    74 | D        | Reached skill level 5 in Dodging
    74 | D        | Reached skill level 5 in Spellcasting
    74 | D        | Reached skill level 5 in Conjurations
   147 | D        | Found a snail-covered altar of Cheibriados.
   147 | D        | Found a shadowy altar of Dithmenos.
   147 | D        | Found a white marble altar of Elyvilon.
   147 | D        | Found a blossoming altar of Fedhas.
   147 | D        | Found an opulent altar of Gozag.
   148 | D        | Found a hazy altar of Hepliaklqana.
   149 | D        | Found a viscous altar of Jiyva.
   150 | D        | Found an ancient bone altar of Kikubaaqudgha.
   151 | D        | Found a corrupted altar of Lugonu.
   152 | D        | Found a burning altar of Makhleb.
   153 | D        | Found a sparkling altar of Nemelex Xobeh.
   154 | D        | Found an iron altar of Okawaru.
   155 | D        | Found a stormy altar of Qazlal.
   157 | D        | Became a worshipper of Gozag Ym Sagoz the Greedy
   159 | D        | Found a sacrificial altar of Ru.
   160 | D        | Found a shimmering blue altar of Sif Muna.
   161 | D        | Found a bloodstained altar of Trog.
   162 | D        | Found a hide-covered altar of Uskayaw.
   163 | D        | Found a radiant altar of Vehumet.
   164 | D        | Found an ornate altar of the Wu Jian Council.
   165 | D        | Found a shimmering altar of Xom.
   166 | D        | Found a basalt altar of Yredelemnul.
   167 | D        | Found a glowing silver altar of Zin.
   168 | D        | Found a glowing golden altar of the Shining One.
   184 | D        | Got the +2 halberd "Kuas" {freeze, rPois rF+ rN+}
   199 | D        | Learned a level 2 spell: Static Discharge
   203 | D        | Learned a level 3 spell: Swiftness
   208 | D        | Learned a level 4 spell: Airstrike
   208 | D        | Noticed a yak
   208 | D        | Noticed a yak
   208 | D        | Noticed a wyvern
   208 | D        | Noticed an orc warrior
   208 | D        | Noticed a shadow
   208 | D        | Noticed a wraith
   219 | D        | Killed a wyvern
   220 | D        | Reached XP level 6. HP: 44/57 MP: 3/14
   220 | D        | Killed a yak
   224 | D        | Killed a wraith
   225 | D        | Your scales start taking on a pale cyan-grey colour.
   225 | D        | Reached XP level 7. HP: 53/66 MP: 17/17
   225 | D        | Gained mutation: You are immune to the effects of steam.
                  | [Pale Draconian growth]
   227 | D        | Killed a yak
   227 | D        | Killed a shadow
   228 | D        | Reached skill level 5 in Polearms
   228 | D        | Reached XP level 8. HP: 45/74 MP: 15/18
   435 | D        | Noticed a gargoyle
   435 | D        | Noticed a centaur warrior
   435 | D        | Noticed a deep elf pyromancer
   435 | D        | Noticed a kobold demonologist
   435 | D        | Noticed a manticore
   435 | D        | Noticed a deep elf pyromancer
   440 | D        | Killed a gargoyle
   444 | D        | Killed a deep elf pyromancer
   453 | D        | Noticed a hellwing
   458 | D        | Killed a centaur warrior
   460 | D        | Noticed a smoke demon
   460 | D        | Killed a manticore
   460 | D        | Killed a deep elf pyromancer
   460 | D        | Killed from afar by a smoke demon

Illustrated notes

Levels and vault maps discovered:
D:        linesprint [early_d, line_temple, items_1, d_10, items_2, lair_1,
          lair_end, items_3, orc_1, orc_end, items_4, d_15, swamp_1, shoals_1,
          snake_1, spider_1, d_20, vaults_1, items_5, swamp_end, shoals_end,
          snake_end, spider_end, vaults_end, d_27, items_6, zot_1, zot_end,
          crypt_end, forest_end, elf_end, slime_end, tomb_end, abyss_end,
          pan_hell_end]

Skill      XL: |  1  2  3  4  5  6  7  8 |
---------------+-------------------------+-----
Dodging        | 2 3 4 5 6 7 8 |  8.0
Fighting       | 1 3 5 6 7 8 9 |  9.3
Spellcasting   | 3 4 5 6 7 8 |  8.1
Conjurations   | 3 4 5 6 7 8 |  8.4
Air Magic      | 4 5 6 8 9 |  9.9
Polearms       | 2 4 5 6 |  6.5
Stealth        | |  1.7

Action                     |  1- 3 |  4- 6 |  7- 9 || total
---------------------------+-------+-------+-------++-------
  Melee: Unarmed           |     9 |    13 |       ||    22
         Tailslap          |     2 |     4 |     1 ||     7
         Punch             |       |     1 |       ||     1
         Halberd           |       |       |     3 ||     3
   Cast: Shock             |     7 |    13 |     4 ||    24
Ability: Breathe Steam     |       |       |     1 ||     1
  Evoke: Wand              |       |       |     6 ||     6
    Use: Potion            |     3 |     2 |     7 ||    12
         Scroll            |       |       |     1 ||     1
   Stab: Invisible         |       |       |     1 ||     1
 Armour: Skin              |     2 |     2 |     3 ||     7
  Dodge: Dodged            |    11 |    12 |    13 ||    36

Table legend: (Time is in decaauts)
 A = Elapsed time spent in this place.
 B = Non-inter-level travel time spent in this place.
 C = Inter-level travel time spent in this place.
 D = Time resting spent in this place.
 E = Time spent auto-exploring this place.
 F = Levels seen in this place.
 G = Mean time per level.
                   A        B        C        D        E       F      G
               +--------+--------+--------+--------+--------+-----+--------+
         Total |    462 |    462 |      0 |    294 |      0 |   1 |  462.0 |
       Dungeon |    462 |    462 |      0 |    294 |      0 |   1 |  462.0 |
               +--------+--------+--------+--------+--------+-----+--------+

Top non-repeatable levels by time:
       D: 462 daAuts
